 Dungeon Crawl Stone Soup version 0.20-a0-791-gf6451d4 (webtiles) character file.

227 AlphabetPasta the Skirmisher (level 6, -9/49 HPs)
             Began as a Merfolk Wanderer on Feb 28, 2017.
             Killed by divine providence
             ... invoked by an orc priest
              (13 damage)
             ... on level 4 of the Dungeon.
             The game lasted 00:09:31 (2359 turns).

AlphabetPasta the Skirmisher (Merfolk Wanderer)     Turns: 2359, Time: 00:09:31

Health: -9/49      AC:  8    Str: 14    XL:     6   Next: 2%
Magic:  6/6        EV: 10    Int: 12    God:
Gold:   150        SH:  0    Dex: 13    Spells: 5/5 levels left

rFire    . . .     SeeInvis .   a - +3 mace
rCold    . . .     Gourm    .   n - +0 scale mail
rNeg     . . .     Faith    .   (no shield)
rPois    .         Spirit   .   h - +1 helmet
rElec    .         Reflect  .   (no cloak)
rCorr    .         Harm     .   (no gloves)
MR       .....                  (no boots)
Stlth    +.........             (no amulet)
Regen    0.2/turn               (no ring)
MPRegen  0.1/turn               (no ring)

@: no status effects
A: change form in water, swift swim, stealthy swim
a: no special abilities


You were on level 4 of the Dungeon.
You were not hungry.

You visited 1 branch of the dungeon, and saw 4 of its levels.

You collected 150 gold pieces.

Inventory:

Hand Weapons
 a - a +3 mace (weapon)
 d - a +0 dagger
 r - a +0 spear of venom
Missiles
 j - 4 javelins (quivered)
Armour
 c - a +0 robe
 h - a +1 helmet (worn)
 i - a +0 ring mail
 n - a +0 scale mail (worn)
Jewellery
 o - a +3 ring of dexterity {unknown}
Scrolls
 b - 4 scrolls of teleportation
 m - a scroll of recharging
Potions
 e - a potion of brilliance
 g - a potion of lignification {unknown}
 l - a potion of curing
 p - 2 potions of agility
 q - a potion of might {unknown}
 t - a potion of flight {unknown}
 v - a potion of haste {unknown}
 x - a potion of degeneration {unknown}
Comestibles
 f - 2 bread rations
 k - a royal jelly
 w - 4 fruits


   Skills:
 + Level 4.5 Fighting
 - Level 1.5 Maces & Flails
 * Level 2.4 Polearms
   Level 1.0 Crossbows
 + Level 1.8 Throwing
 + Level 2.7 Armour
 + Level 2.7 Dodging
 - Level 2.1 Stealth


You had 5 spell levels left.
You didn't know any spells.

Dungeon Overview and Level Annotations

Branches:
Dungeon (4/15)
 Temple: D:4-7

Altars:
Fedhas
Gozag
Kikubaaqudgha
Trog


Message History

The orc priest is severely wounded.
The orc priest misses you.
You hit the orc priest.
The orc priest is almost dead.
The orc priest miscasts a cantrip.
You barely miss the orc priest.
The orc priest is almost dead.
The orc priest hits you with a hand axe.
The orc priest mumbles some strange prayers to Beogh against you.
Beogh smites you!
Your scale mail prevents you from hitting the orc priest.
The orc priest is severely wounded.
The orc priest calls down the wrath of Beogh upon you.
Beogh smites you!
* * * LOW HITPOINT WARNING * * *
You closely miss the orc priest.
The orc priest is severely wounded.
The orc priest calls down the wrath of Beogh upon you.
Beogh smites you!
You die...

#. ###. .§...
... ... #.###
#..o# #o# #@#
#.# ...... #.#
..... #.#
####....# #.#
#.......# #.#
+.......#
#.#####.......#
#.#...§..§§...#
#.#.###§§§....#


You could see an orc priest and an orc.

Vanquished Creatures
  2 orc wizards (D:4)
  A hound zombie (D:3)
  A hound skeleton (D:4)
  3 gnolls (D:3)
  4 adders
  An ooze (D:3)
  2 worms (D:2)
  4 leopard geckos
  2 orcs (D:4)
  6 bats
  2 giant cockroaches
  10 goblins
  5 hobgoblins
  5 jackals
  A quokka (D:2)
  2 ball pythons
  6 frilled lizards
  7 kobolds
  8 rats
72 creatures vanquished.

Notes
Turn   | Place    | Note
-------+----------+-------------------------------------------
     0 | D:1      | AlphabetPasta the Merfolk Wanderer began the quest for the Orb.
     0 | D:1      | AlphabetPasta set off with: a +2 mace, 2 scrolls of teleportation, a +0 robe, a +0 dagger, a bread ration
     0 | D:1      | Reached XP level 1. HP: 16/16 MP: 1/1
    82 | D:1      | Reached skill level 1 in Dodging
    82 | D:1      | Reached XP level 2. HP: 20/23 MP: 2/2
   458 | D:1      | Reached skill level 3 in Fighting
   458 | D:1      | Reached XP level 3. HP: 29/29 MP: 3/3
   938 | D:2      | Found an ancient bone altar of Kikubaaqudgha.
   939 | D:2      | Reached XP level 4. HP: 35/35 MP: 4/4
   970 | D:2      | Reached skill level 1 in Throwing
  1225 | D:2      | Found a blossoming altar of Fedhas.
  1278 | D:2      | Found a bloodstained altar of Trog.
  1622 | D:3      | Reached skill level 4 in Fighting
  1664 | D:3      | Reached XP level 5. HP: 37/42 MP: 5/5
  1948 | D:3      | Found an opulent altar of Gozag.
  2326 | D:4      | Reached skill level 1 in Polearms
  2340 | D:4      | Reached XP level 6. HP: 34/49 MP: 6/6
  2359 | D:4      | Killed from afar by an orc priest

Vault maps used:
D:1:      mrwooster_arrival_statue_2, hex_large, st_stairs_4
D:2:      fedhas_altar_2, old_standard_altar, lemuel_round_altar
D:3:      grunt_gozag_statues, serial_park_tiny_pond, minmay_item_behind_shaft
D:4:      first_bread, uniq_robin

Skill      XL: |  1  2  3  4  5 |
---------------+----------------+-----
Dodging        | 1 2 |  2.7
Fighting       | 3 4 |  4.5
Throwing       | 1 |  1.8
Polearms       | 2 |  2.4
Maces & Flails | |  1.5
Crossbows      | |  1.0
Armour         | |  2.7
Stealth        | |  2.1

Action                   |  1- 3 |  4- 6 || total
-------------------------+-------+-------++-------
Melee: Mace              |    74 |   117 ||   191
Throw: Javelin           |     6 |    12 ||    18
  Use: Scroll            |     4 |     6 ||    10
  Eat: Chunk             |       |     5 ||     5
Armor: Robe              |     5 |       ||     5
       Scale mail        |    19 |    62 ||    81
       Ring mail         |     2 |       ||     2
Dodge: Dodged            |    33 |    63 ||    96
